NYP
MILWAUKEE (NYP) BREWERS @ BROOKLYN CYCLONES
04/11/2047
 
TOP OF THE 1ST
Milwaukee (NYP) Brewers batting - Pitching for Brooklyn Cyclones : LHP Brad Guffin
Pitching: LHP Brad Guffin
Batting: SHB C.J. Olivares 0-0: DOUBLE (Line Drive, 89D, EV 101.9 MPH)
Batting: RHB Dan Allred 0-0: Swinging Strike
0-1: Called Strike
0-2: Fly out, F7 (Flyball, 7, EV 91.9 MPH)
Batting: RHB Dusty Bates 0-0: Ball
1-0: Foul Ball, location: 2F
1-1: Foul Ball, location: 2F
1-2: Fly out, F8 (Flyball, 8LD, EV 95.6 MPH)
Batting: LHB Karel Hort 0-0: Ball
1-0: Ball
2-0: Ball
3-0: Called Strike
3-1: Base on Balls
Batting: LHB John Fortin 0-0: Called Strike
0-1: Swinging Strike
0-2: SINGLE (Groundball, 34D, EV 96.9 MPH)
C.J. Olivares to third
Karel Hort to second
Runner from 3rd tries for Home, SAFE, throw by RF to home
Batting: RHB Alfredo Sena 0-0: Swinging Strike
0-1: Called Strike
0-2: Ball
1-2: Foul Ball, location: 2F
1-2: Ball
2-2: Foul Ball, location: 2F
2-2: Strikes out swinging
Top of the 1st over - 1 run, 2 hits, 0 errors, 2 left on base; Milwaukee (NYP) 1 - Brooklyn 0
BOTTOM OF THE 1ST
Brooklyn Cyclones batting - Pitching for Milwaukee (NYP) Brewers : RHP Adam Robinson
Pitching: RHP Adam Robinson
Batting: RHB Omar Novoa 0-0: DOUBLE (Line Drive, 7LS, EV 111.9 MPH)
Batting: LHB Elmo Dreier 0-0: Ball
1-0: Ground out 6-3 (Groundball, 6, EV 85.0 MPH)
Omar Novoa to third
Batting: SHB Raul Morales 0-0: Called Strike
0-1: Ball
1-1: Ball
2-1: Fly out, F7 (Flyball, 7S, EV 88.8 MPH)
Batting: LHB Miguel Ramos 0-0: Called Strike
0-1: Ball
1-1: Ground out 3-1 (Groundball, 34S, EV 89.4 MPH)
Bottom of the 1st over - 0 runs, 1 hit, 0 errors, 1 left on base; Milwaukee (NYP) 1 - Brooklyn 0
TOP OF THE 2ND
Milwaukee (NYP) Brewers batting - Pitching for Brooklyn Cyclones : LHP Brad Guffin
Batting: LHB Umar Matoub 0-0: Swinging Strike
0-1: Ball
1-1: Swinging Strike
1-2: Ball
2-2: Foul Ball, location: 2F
2-2: Ball
3-2: Foul Ball, location: 2F
3-2: Ground out 4-3 (Groundball, 4, EV 102.5 MPH)
Batting: SHB Ramon Perez 0-0: Foul Ball, location: 2F
0-1: Foul Ball, location: 2F
0-2: Ball
1-2: Fly out, F9 (Flyball, 89M, EV 81.9 MPH)
Batting: SHB Justin Hensley 0-0: Ball
1-0: Ball
2-0: Called Strike
2-1: Ball
3-1: Foul Ball, location: 2F
3-2: Base on Balls
Batting: SHB C.J. Olivares 0-0: Reached on error, E2 (Groundball, 2L, EV 73.1 MPH)
Justin Hensley to third
Batting: RHB Dan Allred 0-0: Swinging Strike
0-1: Ground out 6-3 (Groundball, 6, EV 95.6 MPH)
Top of the 2nd over - 0 runs, 0 hits, 1 error, 2 left on base; Milwaukee (NYP) 1 - Brooklyn 0
BOTTOM OF THE 2ND
Brooklyn Cyclones batting - Pitching for Milwaukee (NYP) Brewers : RHP Adam Robinson
Batting: RHB Ryan Marler 0-0: Ball
1-0: Ball
2-0: Called Strike
2-1: Called Strike
2-2: Fly out, F4 (Line Drive, 4M, EV 65.6 MPH)
Batting: RHB Matt Tittle 0-0: Foul Ball, location: 2F
0-1: Reached on error, E5 (Groundball, 56S, EV 65.6 MPH)
Batting: SHB Callum Lynch 0-0: Called Strike
0-1: Fielders Choice at 2nd, 6-4 (Groundball, 6, EV 105.6 MPH)
Batting: RHB Roberto Delgado 0-0: Called Strike
0-1: Called Strike
Callum Lynch steals 2nd base
Balk!
Callum Lynch to third
0-2: Foul Ball, location: 2F
0-2: DOUBLE (Line Drive, 7LS, EV 90.6 MPH)
Callum Lynch scores
Batting: RHB Pete Orban 0-0: Foul Ball, location: 2F
0-1: Ball
1-1: Swinging Strike
1-2: Ball
2-2: Strikes out looking
Bottom of the 2nd over - 1 run, 1 hit, 1 error, 1 left on base; Milwaukee (NYP) 1 - Brooklyn 1
TOP OF THE 3RD
Milwaukee (NYP) Brewers batting - Pitching for Brooklyn Cyclones : LHP Brad Guffin
Batting: RHB Dusty Bates 0-0: Called Strike
0-1: Foul Ball, location: 2F
0-2: Fly out, F7 (Line Drive, 7LM, EV 92.5 MPH)
Batting: LHB Karel Hort 0-0: Ball
1-0: Ball
2-0: Ball
3-0: Called Strike
3-1: Foul Ball, location: 2F
3-2: Foul Ball, location: 2F
3-2: Base on Balls
Batting: LHB John Fortin 0-0: Called Strike
Karel Hort steals 2nd base
0-1: Called Strike
0-2: Ball
1-2: Ground out 5-3 (Groundball, 56, EV 90.6 MPH)
Batting: RHB Alfredo Sena 0-0: Swinging Strike
0-1: Ball
1-1: Ball
2-1: Foul Ball, location: 2F
2-2: Strikes out swinging
Top of the 3rd over - 0 runs, 0 hits, 0 errors, 1 left on base; Milwaukee (NYP) 1 - Brooklyn 1
BOTTOM OF THE 3RD
Brooklyn Cyclones batting - Pitching for Milwaukee (NYP) Brewers : RHP Adam Robinson
Batting: RHB Omar Novoa 0-0: Ball
1-0: Ball
2-0: Foul Ball, location: 2F
2-1: Called Strike
2-2: Ball
3-2: Ground out 6-3 (Groundball, 6, EV 84.4 MPH)
Batting: LHB Elmo Dreier 0-0: Ball
1-0: Ball
2-0: Hit by Pitch
Batting: SHB Raul Morales 0-0: Ball
Elmo Dreier steals 2nd base (no throw)
1-0: Ball
2-0: Ball
3-0: Called Strike
3-1: Called Strike
3-2: Ground out 4-3 (Groundball, 4, EV 106.9 MPH)
Elmo Dreier to third
Batting: LHB Miguel Ramos 0-0: Ball
1-0: Foul Ball, location: 2F
1-1: Ball
2-1: Foul Ball, location: 2F
2-2: Ball
3-2: Foul Ball, location: 2F
3-2: Base on Balls
Batting: RHB Ryan Marler 0-0: Called Strike
0-1: Fly out, F8 (Flyball, 8RD, EV 97.5 MPH)
Bottom of the 3rd over - 0 runs, 0 hits, 0 errors, 2 left on base; Milwaukee (NYP) 1 - Brooklyn 1
TOP OF THE 4TH
Milwaukee (NYP) Brewers batting - Pitching for Brooklyn Cyclones : LHP Brad Guffin
Batting: LHB Umar Matoub 0-0: Ground out 6-3 (Groundball, 6, EV 97.5 MPH)
Batting: SHB Ramon Perez 0-0: Ball
1-0: Ball
2-0: Swinging Strike
2-1: Called Strike
2-2: Strikes out swinging, 2-3 out at first.
Batting: SHB Justin Hensley 0-0: Ball
1-0: Called Strike
1-1: Foul Ball, location: 2F
1-2: Strikes out looking
Top of the 4th over - 0 runs, 0 hits, 0 errors, 0 left on base; Milwaukee (NYP) 1 - Brooklyn 1
BOTTOM OF THE 4TH
Brooklyn Cyclones batting - Pitching for Milwaukee (NYP) Brewers : RHP Adam Robinson
Batting: RHB Matt Tittle 0-0: Called Strike
0-1: Swinging Strike
0-2: Foul Ball, location: 2F
0-2: Ball
1-2: Ball
2-2: Ball
3-2: Foul Ball, location: 2F
3-2: Base on Balls
Batting: SHB Callum Lynch 0-0: Ball
1-0: Ball
Wild Pitch!
Matt Tittle to second
2-0: Called Strike
2-1: Foul Ball, location: 2F
2-2: Foul Ball, location: 2F
2-2: SINGLE (Groundball, 34D, EV 105.6 MPH) (infield hit)
Matt Tittle to third
Batting: RHB Roberto Delgado 0-0: Called Strike
0-1: Called Strike
Callum Lynch steals 2nd base
0-2: Ball
1-2: Ball
Wild Pitch!
Matt Tittle scores
Callum Lynch to third
2-2: Foul Ball, location: 2F
2-2: Strikes out swinging
Batting: RHB Pete Orban 0-0: SINGLE (Groundball, 4MD, EV 98.8 MPH)
Callum Lynch scores
Batting: RHB Omar Novoa 0-0: Called Strike
0-1: Ball
1-1: Fielders Choice at 2nd, 4-6 (Groundball, 4M, EV 104.4 MPH)
Pitching: RHP Pedro Campos
Batting: LHB Elmo Dreier 0-0: Ball
Omar Novoa steals 2nd base
1-0: Swinging Strike
1-1: Swinging Strike
1-2: SINGLE (Groundball, 6S, EV 70.6 MPH) (infield hit)
Omar Novoa to third
Batting: SHB Raul Morales 0-0: Ball
1-0: Called Strike
1-1: Fielders Choice at 2nd, 6-4 (Groundball, 6, EV 83.8 MPH)
Bottom of the 4th over - 2 runs, 3 hits, 0 errors, 2 left on base; Milwaukee (NYP) 1 - Brooklyn 3
TOP OF THE 5TH
Milwaukee (NYP) Brewers batting - Pitching for Brooklyn Cyclones : LHP Brad Guffin
Pitching: RHP Felipe Hinojosa
Batting: SHB C.J. Olivares 0-0: Foul Ball, location: 2F
0-1: Ball
1-1: Called Strike
1-2: Strikes out swinging
Batting: RHB Dan Allred 0-0: Ground out 4-3 (Groundball, 4, EV 84.4 MPH)
Batting: RHB Dusty Bates 0-0: Ball
1-0: Ball
2-0: Foul Ball, location: 2F
2-1: Ball
3-1: Base on Balls
Batting: LHB Karel Hort 0-0: Called Strike
0-1: Ball
1-1: Ball
2-1: Called Strike
2-2: Fly out, F8 (Flyball, 8RD, EV 90.0 MPH)
Top of the 5th over - 0 runs, 0 hits, 0 errors, 1 left on base; Milwaukee (NYP) 1 - Brooklyn 3
BOTTOM OF THE 5TH
Brooklyn Cyclones batting - Pitching for Milwaukee (NYP) Brewers : RHP Pedro Campos
Batting: LHB Miguel Ramos 0-0: Called Strike
0-1: Foul Ball, location: 2F
0-2: Strikes out swinging
Batting: RHB Ryan Marler 0-0: Ball
1-0: Called Strike
1-1: Ground out 6-3 (Groundball, 6, EV 81.9 MPH)
Batting: RHB Matt Tittle 0-0: Called Strike
0-1: Ball
1-1: Swinging Strike
1-2: Strikes out looking
Bottom of the 5th over - 0 runs, 0 hits, 0 errors, 0 left on base; Milwaukee (NYP) 1 - Brooklyn 3
TOP OF THE 6TH
Milwaukee (NYP) Brewers batting - Pitching for Brooklyn Cyclones : RHP Felipe Hinojosa
Batting: LHB John Fortin 0-0: Called Strike
0-1: Fly out, F7 (Flyball, 78S, EV 81.2 MPH)
Batting: RHB Alfredo Sena 0-0: Called Strike
0-1: Ball
1-1: Ball
2-1: Ball
3-1: Base on Balls
Batting: LHB Umar Matoub 0-0: Ball
1-0: Ball
2-0: Hit by Pitch
Alfredo Sena to second
Batting: SHB Ramon Perez 0-0: Fly out, F8 (Flyball, 89D, EV 108.8 MPH)
Batting: SHB Justin Hensley 0-0: Ball
1-0: Ball
2-0: Ball
3-0: Called Strike
3-1: Foul Ball, location: 2F
3-2: Foul Ball, location: 2F
3-2: Strikes out swinging
Top of the 6th over - 0 runs, 0 hits, 0 errors, 2 left on base; Milwaukee (NYP) 1 - Brooklyn 3
BOTTOM OF THE 6TH
Brooklyn Cyclones batting - Pitching for Milwaukee (NYP) Brewers : RHP Pedro Campos
Batting: SHB Callum Lynch 0-0: Ball
1-0: Ground out 5-3 (Groundball, 56, EV 81.2 MPH)
Pinch Hitting: LHB Brian Levensailor 0-0: Ball
1-0: SINGLE (Flyball, 8RS, EV 95.6 MPH)
Batting: RHB Pete Orban 0-0: Ball
Brian Levensailor steals 2nd base
1-0: Ball
2-0: Called Strike
2-1: Swinging Strike
2-2: Ball
3-2: TRIPLE (Groundball, 5L, EV 96.2 MPH)
Brian Levensailor scores
Batting: RHB Omar Novoa 0-0: Called Strike
0-1: Ball
1-1: Ball
2-1: Ball
3-1: Called Strike
3-2: Foul Ball, location: 2F
3-2: Base on Balls
Pitching: RHP Dustin Pryor
Batting: LHB Elmo Dreier 0-0: Ball
Omar Novoa steals 2nd base
1-0: Fly out, F8 (Flyball, 78M, EV 85.0 MPH)
Runner from 3rd tags up, SCORES, throw by CF
Batting: SHB Raul Morales 0-0: Ball
1-0: Ball
2-0: Ground out U3 (Groundball, 3S, EV 80.0 MPH)
Bottom of the 6th over - 2 runs, 2 hits, 0 errors, 1 left on base; Milwaukee (NYP) 1 - Brooklyn 5
TOP OF THE 7TH
Milwaukee (NYP) Brewers batting - Pitching for Brooklyn Cyclones : RHP Felipe Hinojosa
Now at 1B: Brian Levensailor
Batting: SHB C.J. Olivares 0-0: Ball
1-0: Foul Ball, location: 2F
1-1: Fly out, F7 (Flyball, 78D, EV 90.6 MPH)
Batting: RHB Dan Allred 0-0: Called Strike
0-1: Ball
1-1: Swinging Strike
1-2: Ball
2-2: Ground out 5-3 (Groundball, 56S, EV 66.2 MPH)
Batting: RHB Dusty Bates 0-0: Ball
1-0: Ball
2-0: Ball
3-0: Called Strike
3-1: Base on Balls
Batting: LHB Karel Hort 0-0: Ball
1-0: Swinging Strike
1-1: Foul Ball, location: 2F
1-2: Strikes out swinging
Top of the 7th over - 0 runs, 0 hits, 0 errors, 1 left on base; Milwaukee (NYP) 1 - Brooklyn 5
BOTTOM OF THE 7TH
Brooklyn Cyclones batting - Pitching for Milwaukee (NYP) Brewers : RHP Dustin Pryor
Batting: LHB Miguel Ramos 0-0: Ball
1-0: Ball
2-0: Ball
3-0: Called Strike
3-1: Swinging Strike
3-2: Strikes out swinging, 2-3 out at first.
Batting: RHB Ryan Marler 0-0: Ball
1-0: Foul Ball, location: 2F
1-1: Swinging Strike
1-2: Ball
2-2: Ball
3-2: Strikes out swinging
Batting: RHB Matt Tittle 0-0: Ball
1-0: Foul Ball, location: 2F
1-1: Called Strike
1-2: Foul Ball, location: 2F
1-2: SINGLE (Line Drive, 8RS, EV 96.9 MPH)
Batting: SHB Callum Lynch 0-0: SINGLE (Groundball, 4MS, EV 89.4 MPH) (infield hit)
Matt Tittle to second
Batting: LHB Brian Levensailor 0-0: Ball
1-0: Fly out, F9 (Flyball, 89D, EV 94.4 MPH)
Bottom of the 7th over - 0 runs, 2 hits, 0 errors, 2 left on base; Milwaukee (NYP) 1 - Brooklyn 5
TOP OF THE 8TH
Milwaukee (NYP) Brewers batting - Pitching for Brooklyn Cyclones : RHP Felipe Hinojosa
Batting: LHB John Fortin 0-0: Ball
1-0: Foul Ball, location: 2F
1-1: Ball
2-1: DOUBLE (Groundball, 3L, EV 103.1 MPH)
Batting: RHB Alfredo Sena 0-0: Called Strike
0-1: Called Strike
0-2: Ball
1-2: Foul Ball, location: 2F
1-2: Ball
2-2: Ball
3-2: Foul Ball, location: 2F
3-2: Foul Ball, location: 2F
3-2: Base on Balls
Pitching: LHP Jose Diaz
Batting: LHB Umar Matoub 0-0: Called Strike
0-1: Fielders Choice at 2nd, 3-6 (Groundball, 34, EV 100.6 MPH)
John Fortin to third
Pitching: RHP Amare Golden
Batting: SHB Ramon Perez 0-0: Ball
1-0: Ball
2-0: Foul Ball, location: 2F
2-1: Foul Ball, location: 2F
2-2: Strikes out swinging
Batting: SHB Justin Hensley 0-0: Called Strike
0-1: Called Strike
0-2: Strikes out swinging
Top of the 8th over - 0 runs, 1 hit, 0 errors, 2 left on base; Milwaukee (NYP) 1 - Brooklyn 5
BOTTOM OF THE 8TH
Brooklyn Cyclones batting - Pitching for Milwaukee (NYP) Brewers : RHP Dustin Pryor
Pitching: RHP Ryan Powers
Pinch Hitting: SHB Salvador Gomez 0-0: Foul Ball, location: 2F
0-1: Foul Ball, location: 2F
0-2: Foul Ball, location: 2F
0-2: Foul Ball, location: 2F
0-2: SINGLE (Groundball, 4MS, EV 70.6 MPH) (infield hit)
Batting: RHB Omar Novoa 0-0: Bunt missed!
0-1: Sac Bunt to 15S - play at first, batter OUT! 1-3
Salvador Gomez to second
Batting: LHB Elmo Dreier 0-0: Ball
1-0: Ball
2-0: Foul Ball, location: 2F
2-1: Swinging Strike
2-2: Ball
3-2: Foul Ball, location: 2F
3-2: Base on Balls
Batting: SHB Raul Morales 0-0: Ball
1-0: Fly out, F8 (Flyball, 89S, EV 80.6 MPH)
Batting: LHB Miguel Ramos 0-0: Called Strike
0-1: Ball
1-1: Called Strike
1-2: Foul Ball, location: 2F
1-2: Ball
2-2: Ground out 1-3 (Groundball, 13S, EV 63.8 MPH)
Bottom of the 8th over - 0 runs, 1 hit, 0 errors, 2 left on base; Milwaukee (NYP) 1 - Brooklyn 5
TOP OF THE 9TH
Milwaukee (NYP) Brewers batting - Pitching for Brooklyn Cyclones : RHP Amare Golden
Now in CF: Jamel Alexander
Batting: SHB C.J. Olivares 0-0: Ground out 1-3 (Groundball, 13, EV 71.2 MPH)
Pinch Hitting: SHB Josh Schultze 0-0: Foul Ball, location: 2F
0-1: Ball
1-1: Ground out 6-3 (Groundball, 6, EV 91.9 MPH)
Batting: RHB Dusty Bates 0-0: Ball
1-0: Foul Ball, location: 2F
1-1: Called Strike
1-2: Strikes out swinging
Top of the 9th over - 0 runs, 0 hits, 0 errors, 0 left on base; Milwaukee (NYP) 1 - Brooklyn 5
Thursday, December 15th , 2022 - OOTP Baseball 23.9 Build 102